[Event "Team 45 45 League T55"]
[Site "Internet Chess Club"]
[Date "2012.12.10"]
[Round "4"]
[White "pishd"]
[Black "alexping"]
[Result "0-1"]
[WhiteElo "1781"]
[BlackElo "1955"]
[Opening "Queen's pawn: Torre attack"]
[ECO "A46"]
[Time "07:15:39"]
[TimeControl "2700+45"]

1. d4 Nf6 2. Nf3 e6 3. Bg5 c5 4. c3 d5 5. e3 Nc6 6. Nbd2 Bd7 7. Bd3 Rc8 8. Ne5
Nxe5 9. dxe5 h6 10. Bh4 g5 11. Bg3 Ng8 12. h4 d4 13. exd4 cxd4 14. c4 Bc6 15.
Kf1 h5 16. f3 Nh6 17. b3 Bb4 18. Ne4 Nf5 19. Nf6+ Qxf6 20. exf6 Ne3+ 21. Ke2
Nxd1 22. Raxd1 g4 23. Be4 gxf3+ 24. Bxf3 Rd8 25. Rd3 Rg8 26. Kf2 Rg6 27. Be5 Bd6
28. Bxd4 Bc5 29. Bxc6+ bxc6 30. Rhd1 Rxd4 31. Rxd4 Rg4 {White resigns} 0-1

[Event "Team 45 45 League T55"]
[Site "Internet Chess Club"]
[Date "2012.12.08"]
[Round "4"]
[White "MemphisChess"]
[Black "BigH"]
[Result "0-1"]
[WhiteElo "2070"]
[BlackElo "2102"]
[Opening "French: MacCutcheon, Janowski variation"]
[ECO "C12"]
[Time "11:07:10"]
[TimeControl "2700+45"]

1. e4 e6 2. d4 d5 3. Nc3 Nf6 4. Bg5 Bb4 5. e5 h6 6. Be3 Ne4 7. Qg4 Kf8 8. a3
Bxc3+ 9. bxc3 Nxc3 10. Bd3 b6 11. Bd2 Na4 12. h4 Nb2 13. Bb4+ Kg8 14. Rh3 Nxd3+
15. Rxd3 Nc6 16. Rg3 Rh7 17. Bd2 f5 18. Qf4 Qe8 19. Rf3 Qh5 20. Bb4 g5 21. Rg3
Rg7 22. hxg5 hxg5 23. Qd2 g4 24. O-O-O a5 25. Bc3 Qg5 26. f4 Qe7 27. Bb2 a4 28.
c4 Na5 29. cxd5 Bb7 30. dxe6 Be4 31. d5 Qc5+ {White resigns} 0-1

[Event "Team 45 45 League T55"]
[Site "Internet Chess Club"]
[Date "2012.12.14"]
[Round "4"]
[White "lacibacsi"]
[Black "Chess-Dream"]
[Result "1/2-1/2"]
[WhiteElo "2033"]
[BlackElo "2104"]
[Opening "Queen's bishop game"]
[ECO "D02"]
[Time "16:01:09"]
[TimeControl "2700+45"]

1. d4 d5 2. Nf3 Nf6 3. Bf4 c5 4. e3 Nc6 5. c3 Qb6 6. Qb3 c4 7. Qxb6 axb6 8. Nbd2
Bf5 9. h3 h6 10. g4 Bh7 11. Bg2 e6 12. O-O Be7 13. Rfe1 Ne4 14. Nxe4 Bxe4 15.
Nd2 Bxg2 16. Kxg2 Kd7 17. e4 b5 18. a3 Bg5 19. Kg3 Bxf4+ 20. Kxf4 h5 21. Rh1 f6
22. exd5 exd5 23. f3 Rae8 24. Rae1 Rxe1 25. Rxe1 hxg4 26. hxg4 Rh2 27. Ke3 Nd8
28. Re2 Rxe2+ 29. Kxe2 Ne6 30. b4 Nf4+ 31. Ke3 Ng2+ 32. Kf2 Nf4 33. Ke3 Ng2+ 34.
Kf2 Nf4 35. Ke3 {Game drawn by repetition} 1/2-1/2

[Event "Team 45 45 League T55"]
[Site "Internet Chess Club"]
[Date "2012.12.09"]
[Round "4"]
[White "kubiyak"]
[Black "Greedy-Reedy"]
[Result "1/2-1/2"]
[WhiteElo "1788"]
[BlackElo "1945"]
[Opening "Benko's opening"]
[ECO "A00"]
[Time "06:44:47"]
[TimeControl "2700+45"]

1. g3 c5 2. Bg2 Nf6 3. Nf3 Nc6 4. c4 d5 5. cxd5 Nxd5 6. O-O e5 7. Nc3 Nc7 8. Ne1
Be7 9. Bxc6+ bxc6 10. Qa4 Bd7 11. Nd3 f6 12. Ne4 Ne6 13. Qc4 Qa5 14. b3 Qb5 15.
Bb2 Qxc4 16. bxc4 Nd4 17. e3 Nc2 18. Rac1 Nb4 19. Nexc5 Bh3 20. Rfe1 Nxa2 21.
Ra1 Bxc5 22. Nxc5 Nb4 23. Rec1 Ke7 24. Ra5 Kf7 25. f3 Rhd8 26. Bc3 Nd3 27. Nxd3
Rxd3 28. Ra6 Rd6 29. Rca1 Be6 30. Rxa7+ Rxa7 31. Rxa7+ Kg6 32. Ra4 Rd8 33. Kf2
Rb8 34. g4 h5 35. h3 e4 36. gxh5+ Kxh5 37. Ra7 Kg6 38. fxe4 Bxc4 39. e5 Rh8 40.
exf6 gxf6 41. Ra4 Be6 42. h4 Rf8 43. Kg3 Rg8 44. Rf4 Kh5+ 45. Kf2 f5 46. Bf6 Kg6
47. Bg5 c5 48. Ra4 Kh5 49. Kg3 c4 50. Kf4 Re8 51. Ra7 Kg6 52. Ra6 Kf7 53. h5 Rh8
54. Ra7+ Kg8 55. Bf6 Rxh5 56. Ke5 Bf7 57. Ra8+ Kh7 58. Rh8+ Kg6 59. Rxh5 Kxh5
60. Kxf5 Kh6 61. e4 Kh7 62. e5 Kg8 63. e6 Be8 64. Ke5 Bg6 65. Kd5 Bf5 66. e7 Kf7
67. Kxc4 Bd7 68. Bh4 Ke8 69. Kc5 Bf5 70. Kd6 Bd3 71. Bg5 Bb5 72. d4 Bd7 73. Kc7
Be6 74. Bf6 Bd7 75. d5 Bf5 76. d6 {Game drawn by mutual agreement} 1/2-1/2

[Event "Team 45 45 League T55"]
[Site "Internet Chess Club"]
[Date "2012.12.10"]
[Round "4"]
[White "Dracoac"]
[Black "Innes"]
[Result "0-1"]
[WhiteElo "1780"]
[BlackElo "1785"]
[Opening "Réti v Dutch"]
[ECO "A04"]
[Time "17:14:50"]
[TimeControl "2700+45"]

1. Nf3 f5 2. c4 Nf6 3. Nc3 e6 4. d4 d5 5. cxd5 exd5 6. Bg5 c6 7. e3 Bd6 8. Qc2
O-O 9. Bh4 Qe8 10. Rc1 f4 11. Bxf6 Rxf6 12. Nxd5 Rf8 13. Bc4 cxd5 14. Bxd5+ Kh8
15. Ng5 Bb4+ 16. Kd1 g6 17. Qc7 Qd7 18. Qe5+ Qg7 19. Nf7+ Rxf7 20. Rxc8+ Rf8 21.
Rxf8+ Bxf8 22. Qxg7+ Kxg7 23. Bxb7 fxe3 24. fxe3 Nd7 25. Bxa8 Nb6 26. Bc6 Nc4
27. e4 Nxb2+ 28. Kc2 Nc4 29. Kc3 Nd6 30. e5 Nf5 31. Re1 a5 32. e6 Bb4+ 33. Kd3
Bxe1 34. d5 Bb4 35. Kc4 Kf6 36. g4 Ne3+ 37. Kb5 Nxg4 38. Kb6 Ke7 39. Kc7 Nxh2
40. a4 Ng4 41. Kc8 Bd6 42. Bd7 h5 43. Bc6 h4 44. Kb7 h3 45. Ka6 Bb4 46. Kb7 Ne5
47. Kb6 Nxc6 48. dxc6 Bd6 49. Kxa5 h2 50. Kb6 h1=Q 51. a5 Qb1+ 52. Ka6 Kxe6 53.
c7 Bxc7 54. Ka7 Bxa5 55. Ka8 Kd6 56. Ka7 Kc7 57. Ka8 Qb7# {White checkmated} 0-1

[Event "Team 45 45 League T55"]
[Site "Internet Chess Club"]
[Date "2012.12.09"]
[Round "4"]
[White "PaulaR"]
[Black "rookmaster23"]
[Result "0-1"]
[WhiteElo "1553"]
[BlackElo "1614"]
[Opening "Sicilian: Najdorf"]
[ECO "B90"]
[Time "14:00:27"]
[TimeControl "2700+45"]

1. e4 c5 2. Nf3 d6 3. d4 cxd4 4. Nxd4 Nf6 5. Nc3 a6 6. Bf4 e5 7. Be3 exd4 8.
Bxd4 Nc6 9. Be3 Be6 10. Bd3 d5 11. exd5 Nxd5 12. Nxd5 Qxd5 13. O-O Be7 14. Re1
Nb4 15. Be2 Qxd1 16. Bxd1 Rc8 17. Re2 Bf5 18. Rc1 Nxa2 19. Ra1 Nb4 20. Rc1 Nd5
21. Bg5 f6 22. Bd2 Kf7 23. c4 Nb4 24. Bb3 Nd3 25. Rc3 Nxb2 26. c5+ Kf8 27. Bc1
Nd3 28. Ba3 Bxc5 29. Bxc5+ Nxc5 30. Rce3 Nxb3 31. Rxb3 Rc1+ 32. Re1 Rxe1# {White
checkmated} 0-1

[Event "Team 45 45 League T55"]
[Site "Internet Chess Club"]
[Date "2012.12.09"]
[Round "4"]
[White "sdcohle"]
[Black "Bryant-L"]
[Result "1-0"]
[WhiteElo "1374"]
[BlackElo "1372"]
[Opening "QGD Slav: 3.Nf3"]
[ECO "D11"]
[Time "16:00:08"]
[TimeControl "2700+45"]

1. d4 d5 2. c4 c6 3. Nf3 Nf6 4. Bg5 Bf5 5. e3 e6 6. Bd3 Bxd3 7. Qxd3 Bb4+ 8. Nc3
Nbd7 9. cxd5 cxd5 10. O-O h6 11. Bxf6 Qxf6 12. a3 Bd6 13. Nb5 Qe7 14. Rac1 O-O
15. Rc3 a6 16. Nxd6 Qxd6 17. Rfc1 Nf6 18. R3c2 Ne4 19. Ne5 f6 20. Ng6 Rfe8 21.
f3 Ng5 22. Rc7 Rab8 23. Nh4 Qb6 24. Qg6 Re7 25. Rxe7 Nf7 26. Qxf7+ Kh8 27. Qxg7#
{Black checkmated} 1-0

[Event "Team 45 45 League T55"]
[Site "Internet Chess Club"]
[Date "2012.12.07"]
[Round "4"]
[White "IanT"]
[Black "Just-Jim"]
[Result "1-0"]
[WhiteElo "1481"]
[BlackElo "1418"]
[Opening "Philidor: López counter-gambit"]
[ECO "C41"]
[Time "20:02:11"]
[TimeControl "2700+45"]

1. e4 e5 2. Nf3 d6 3. Bc4 f5 4. d3 f4 5. O-O Bg4 6. c3 c5 7. Qb3 Nh6 8. Qxb7 Nd7
9. Nbd2 Nb6 10. Bb5+ Bd7 11. Bxd7+ Qxd7 12. Qxd7+ Nxd7 13. Nc4 Be7 14. d4 cxd4
15. cxd4 Rc8 16. b3 O-O 17. Bb2 g5 18. dxe5 dxe5 19. Nfxe5 Nxe5 20. Bxe5 g4 21.
f3 Bc5+ 22. Kh1 g3 23. hxg3 fxg3 24. Rad1 Rc6 25. Bd4 Be7 26. Be3 Nf7 27. Kg1
Bg5 28. Bxg5 Nxg5 29. Rd5 h6 30. a4 Ne6 31. Rd6 Rxd6 32. Nxd6 Nf4 33. Nf5 Ne2+
34. Kh1 Rf6 35. Re1 Nf4 36. Nxg3 Rg6 37. Kh2 h5 38. Rg1 Rb6 39. Rb1 Rc6 40. e5
Rc2 41. Rg1 Rb2 42. Ne4 Rxb3 43. Rd1 Ra3 44. Kg3 Ne2+ 45. Kh4 Nf4 46. Nf6+ Kf7
47. Nxh5 Rxa4 48. Nxf4 Rxf4+ 49. Kg5 Ra4 50. Kf5 Ra2 51. g4 {Black resigns} 1-0

[Event "Team 45 45 League T55"]
[Site "Internet Chess Club"]
[Date "2012.12.08"]
[Round "4"]
[White "Toalla"]
[Black "arconia"]
[Result "0-1"]
[WhiteElo "1250"]
[BlackElo "1329"]
[Opening "Sicilian defense"]
[ECO "B30"]
[Time "13:02:41"]
[TimeControl "2700+45"]

1. e4 c5 2. Nf3 Nc6 3. c3 e6 4. Bb5 a6 5. Bxc6 bxc6 6. O-O d6 7. d4 Be7 8. dxc5
d5 9. Be3 Nf6 10. Ne5 Bb7 11. exd5 exd5 12. Qf3 O-O 13. Nd2 Nd7 14. Nxd7 Qxd7
15. Qg3 Kh8 16. Nf3 f6 17. Rad1 Bd8 18. Rd4 Qf7 19. Nh4 Bc7 20. Qh3 Bc8 21. g4
g5 22. Nf5 Bxf5 23. gxf5 h5 24. Kh1 Rg8 25. Rg1 Be5 26. Rdg4 Rg7 27. f4 Rh7 28.
Rxg5 fxg5 29. fxe5 g4 30. e6 Qxf5 31. Bd4+ Kg8 32. Qe3 Re8 33. Re1 Qf3+ 34. Kg1
Qxe3+ 35. Rxe3 Rhe7 36. Re5 Rxe6 37. Rxh5 Re1+ 38. Kf2 R1e2+ 39. Kg3 R8e4 40.
Kh4 Rxh2+ 41. Kg5 g3 42. Bg1 Rxh5+ 43. Kxh5 Re1 44. Bd4 g2 {White resigns} 0-1

[Event "Team 45 45 League T55"]
[Site "Internet Chess Club"]
[Date "2012.12.08"]
[Round "4"]
[White "moodle"]
[Black "chesskix"]
[Result "1-0"]
[WhiteElo "1486"]
[BlackElo "1444"]
[Opening "Sicilian defense"]
[ECO "B30"]
[Time "19:00:37"]
[TimeControl "2700+45"]

1. e4 c5 2. Nf3 Nc6 3. Nc3 e5 4. Bc4 d6 5. O-O Be7 6. h3 a6 7. d3 Nd4 8. Nxd4
cxd4 9. Nd5 Be6 10. Qf3 b5 11. Nxe7 Qxe7 12. Bxe6 Qxe6 13. a4 b4 14. Bd2 a5 15.
c3 bxc3 16. bxc3 dxc3 17. Bxc3 Nf6 18. Rfb1 O-O 19. Rb5 Nd7 20. Bxa5 Nc5 21. Qd1
Rxa5 22. Rxa5 Nb3 23. Rb5 Nxa1 24. Qxa1 h5 25. a5 Qh6 26. a6 Qd2 27. a7 Qxd3 28.
Rb8 Rxb8 29. axb8=Q+ Kh7 30. Kh2 Qxe4 31. Qaa7 Qf4+ 32. g3 Qf6 33. Qbc7 Kg6 34.
Qab6 Kh7 35. Qcxd6 Qf5 36. Qbc5 f6 37. f4 h4 38. Qc4 hxg3+ 39. Kxg3 Qg6+ 40. Kh2
exf4 41. Qcd3 Qxd3 42. Qxd3+ Kh6 43. Qf5 g5 44. Qxf6+ Kh5 45. Qg7 {Black
resigns} 1-0

[Event "Team 45 45 League T55"]
[Site "Internet Chess Club"]
[Date "2012.12.08"]
[Round "4"]
[White "palm47"]
[Black "tornado100"]
[Result "1-0"]
[WhiteElo "1509"]
[BlackElo "1343"]
[Opening "Sicilian: Alapin's variation (2.c3)"]
[ECO "B22"]
[Time "19:00:48"]
[TimeControl "2700+45"]

1. e4 c5 2. c3 d5 3. exd5 Qxd5 4. d4 cxd4 5. cxd4 Nc6 6. Nf3 Bg4 7. Be2 Nf6 8.
Nc3 Qd8 9. d5 Bxf3 10. Bxf3 Ne5 11. O-O Qd6 12. Bf4 Nxf3+ 13. Qxf3 Qd7 14. Rfe1
e6 15. Rad1 Qe7 16. Nb5 Kd8 17. dxe6+ Ke8 18. Nd6+ Kd8 19. Nf5+ Ke8 20. Nxe7
Bxe7 21. Qxb7 Rd8 22. Rxd8+ Bxd8 23. Qxf7# {Black checkmated} 1-0

[Event "Team 45 45 League T55"]
[Site "Internet Chess Club"]
[Date "2012.12.08"]
[Round "4"]
[White "KidRattler"]
[Black "iwin2"]
[Result "0-1"]
[WhiteElo "1388"]
[BlackElo "1565"]
[Opening "QGD semi-Slav: 5.e3"]
[ECO "D45"]
[Time "09:04:04"]
[TimeControl "2700+45"]

1. d4 d5 2. c4 c6 3. Nc3 Nf6 4. Nf3 e6 5. e3 b6 6. b3 Nbd7 7. Bd3 Bd6 8. Bb2 e5
9. dxe5 Nxe5 10. cxd5 Nxf3+ 11. Qxf3 cxd5 12. Bb5+ Kf8 13. O-O Bb7 14. Qd1 a6
15. Be2 g6 16. Bf3 Be5 17. Na4 Bxb2 18. Nxb2 Kg7 19. Qd4 Re8 20. Na4 Re6 21.
Rad1 Rc8 22. Rc1 Rxc1 23. Rxc1 b5 24. Nc3 Rc6 25. Rd1 Rd6 26. g3 Kg8 27. Re1 Ne4
28. Rc1 Ng5 29. Bg2 Ne6 30. Qd2 Qd7 31. Bh3 d4 32. exd4 Rxd4 33. Qe2 Qc6 34. f3
Qxf3 35. Qxf3 Bxf3 36. Re1 Ng5 37. Bg2 Rd2 38. Bf1 Bc6 39. Re3 Nf3+ 40. Rxf3
Bxf3 41. a4 bxa4 42. bxa4 Rc2 43. Nb1 Rc1 44. Nd2 Bc6 45. Kf2 a5 46. Nc4 Bxa4
47. Nxa5 Rc5 48. Nb7 Rc2+ 49. Kg1 f5 50. Na5 g5 51. Nc4 f4 52. Na3 Rc3 53. Nb1
Rc1 54. Nd2 Bb5 55. gxf4 gxf4 56. h3 Kf7 57. Kf2 Bxf1 58. Nxf1 Kf6 59. Kf3 Rxf1+
60. Kg2 Ra1 61. Kf3 Kf5 62. h4 Ra3+ 63. Kf2 Kg4 64. h5 f3 65. h6 Ra2+ 66. Kf1 f2
67. Kg2 f1=Q+ 68. Kxf1 Kg3 69. Ke1 Kf3 70. Kd1 Ke3 71. Kc1 Kd3 72. Kb1 Rh2 73.
Kc1 Rg2 74. Kb1 Kc3 75. Ka1 Kb3 76. Kb1 Rg1# {White checkmated} 0-1

[Event "Team 45 45 League T55"]
[Site "Internet Chess Club"]
[Date "2012.12.07"]
[Round "4"]
[White "pereelcoix"]
[Black "tryanything"]
[Result "1-0"]
[WhiteElo "1450"]
[BlackElo "1506"]
[Opening "Ruy Lopez: exchange variation, 5.O-O"]
[ECO "C68"]
[Time "03:48:30"]
[TimeControl "2700+45"]

1. e4 e5 2. Nf3 Nc6 3. Bb5 a6 4. Bxc6 dxc6 5. O-O Bd6 6. d4 Qe7 7. dxe5 Bxe5 8.
Nxe5 Qxe5 9. Nc3 Bd7 10. Qf3 O-O-O 11. Qxf7 Nf6 12. Qxg7 Rhg8 13. Qh6 Rg6 14.
Qf4 Qh5 15. f3 Bh3 16. Rf2 Rdg8 17. g3 Qc5 18. Be3 Nh5 19. Qh4 Qxe3 20. Qxh3+
Kb8 21. Qxh5 Rh6 22. Qf7 Rgg6 23. Qe8+ Ka7 24. Qe5 Rxh2 25. Rf1 Rgh6 26. g4 Rxf2
27. Rxf2 Qe1+ 28. Rf1 Qh4 29. Qd4+ b6 30. Qe5 Kb7 31. Ne2 Qh1+ 32. Kf2 Rh2+ 33.
Ke3 Qg2 34. Re1 Qf2+ 35. Kd2 Rg2 36. f4 Rxg4 37. Qf5 Rg6 38. e5 Rg2 39. e6 Qd4+
40. Qd3 Qxf4+ 41. Kd1 Qe5 42. Nd4 Qh5+ 43. Qf3 Qg5 44. Qxc6+ Kb8 45. Qxg2 Qxg2
46. e7 Qg4+ 47. Kc1 Qxd4 48. e8=Q+ Ka7 49. Qe7 Qf4+ 50. Kb1 h5 51. b3 h4 52. Re4
Qg3 53. Rxh4 {Black resigns} 1-0

[Event "Team 45 45 League T55"]
[Site "Internet Chess Club"]
[Date "2012.12.07"]
[Round "4"]
[White "JohLeb"]
[Black "otib2006"]
[Result "1-0"]
[WhiteElo "1390"]
[BlackElo "1308"]
[Opening "Queen's pawn game"]
[ECO "E10"]
[Time "14:19:52"]
[TimeControl "2700+45"]

1. d4 Nf6 2. c4 e6 3. Nf3 Be7 4. Nc3 O-O 5. e4 d6 6. Bd3 Nbd7 7. Bf4 b6 8. Qc2
g6 9. O-O-O Bb7 10. Bh6 Re8 11. h4 Ng4 12. Qd2 Ndf6 13. d5 exd5 14. exd5 c6 15.
h5 Nxh6 16. Qxh6 Bf8 17. Qd2 Nxh5 18. Rh2 Nf6 19. Rdh1 Bg7 20. Ng5 h5 21. f3 Bh6
22. Kb1 cxd5 23. f4 Bxg5 24. fxg5 Ne4 25. Nxe4 dxe4 26. Be2 e3 27. Qd4 Qxg5 28.
Rxh5 gxh5 29. Rxh5 Qg7 30. Qf4 Be4+ 31. Ka1 Re5 32. Rxe5 dxe5 33. Qxe4 Re8 34.
Bf3 Qg6 35. Qxe3 e4 36. a3 Qc6 37. Be2 Qc5 38. Qg3+ Kf8 39. Qh3 Qg1+ 40. Ka2 Qf2
41. Qh8+ Ke7 42. Qe5+ Kd8 43. Qd6+ Kc8 44. Bg4+ Re6 45. Bxe6+ fxe6 46. Qxe6+ Kd8
47. Qxe4 Qf7 48. Qd5+ Qxd5 49. cxd5 Kd7 50. Kb3 Kd6 51. Kc4 a6 52. b4 Ke5 53. b5
a5 54. g4 Kd6 55. g5 Ke7 56. g6 Kf6 57. Kd4 Kxg6 58. Ke5 Kf7 59. Kd6 Ke8 60. Kc7
Ke7 61. d6+ Ke6 62. d7 {Black resigns} 1-0

[Event "Team 45 45 League T55"]
[Site "Internet Chess Club"]
[Date "2012.12.08"]
[Round "4"]
[White "kabubi"]
[Black "theartist"]
[Result "1/2-1/2"]
[WhiteElo "1124"]
[BlackElo "1089"]
[Opening "English: symmetrical variation"]
[ECO "A30"]
[Time "13:01:49"]
[TimeControl "2700+45"]

1. c4 c5 2. g3 g6 3. Bg2 Bg7 4. Nf3 Nc6 5. O-O Nf6 6. d3 O-O 7. Nbd2 d6 8. e4 e5
9. Re1 Nd4 10. Nxd4 cxd4 11. h3 Be6 12. Nf1 Rc8 13. Bg5 h6 14. Bd2 Nd7 15. b4
Nb6 16. Qc1 Qd7 17. Kh2 Qa4 18. Bxh6 Qxb4 19. Bxg7 Kxg7 20. a3 Qb3 21. Qd2 Qa4
22. Qb4 Qc2 23. Qxd6 Qxd3 24. Qxe5+ Kg8 25. Red1 Qc3 26. Qxd4 Rxc4 27. Qxc3 Rxc3
28. Rdc1 Rb3 29. e5 Nd5 30. Nd2 Rd3 31. Ne4 b6 32. Ng5 Nc3 33. Nxe6 fxe6 34. Bf1
Rdf3 35. Bg2 Rd3 36. Re1 Rd2 37. f4 Ne2 38. Rf1 Nd4 39. Kg1 Ne2+ 40. Kh2 Nc3
{Game drawn by mutual agreement} 1/2-1/2

[Event "Team 45 45 League T55"]
[Site "Internet Chess Club"]
[Date "2012.12.09"]
[Round "4"]
[White "drsigmund1"]
[Black "bmw2002"]
[Result "1-0"]
[WhiteElo "1634"]
[BlackElo "1576"]
[Opening "King's Indian: London system"]
[ECO "A48"]
[Time "07:03:31"]
[TimeControl "2700+45"]

1. d4 Nf6 2. Nf3 g6 3. Bf4 Bg7 4. e3 O-O 5. Be2 d6 6. O-O Nbd7 7. h3 c5 8. c3 b6
9. Nbd2 Bb7 10. Bd3 Qe8 11. Bh2 Nd5 12. e4 Nc7 13. e5 dxe5 14. dxe5 e6 15. Ne4
Qe7 16. Re1 b5 17. Nd6 Bc6 18. c4 b4 19. Be4 Nb8 20. Qc2 Ne8 21. Rad1 f6 22.
Bxc6 Nxc6 23. Qe4 Qc7 24. Nxe8 f5 25. Nxc7 fxe4 26. Rxe4 Rad8 27. Ree1 Rxd1 28.
Rxd1 Rf5 29. Nxe6 Nxe5 30. Nxe5 Bxe5 31. Bxe5 Rxe5 32. Nf4 g5 33. Nd3 Re2 34.
Kf1 Rc2 35. Rc1 Rd2 36. Nxc5 Rxb2 37. Na6 Kf7 38. c5 Ke6 39. c6 {Black resigns}
1-0

[Event "Team 45 45 League T55"]
[Site "Internet Chess Club"]
[Date "2012.12.10"]
[Round "4"]
[White "Mitochondria"]
[Black "nosir"]
[Result "1-0"]
[WhiteElo "1483"]
[BlackElo "1477"]
[Opening "QGD semi-Slav: Romih variation"]
[ECO "D46"]
[Time "18:00:21"]
[TimeControl "2700+45"]

1. d4 d5 2. c4 c6 3. Nf3 Nf6 4. Nc3 Nbd7 5. e3 e6 6. Bd3 Bb4 7. Bd2 dxc4 8. Bxc4
O-O 9. O-O a5 10. Re1 b5 11. Bd3 Bxc3 12. bxc3 Re8 13. e4 e5 14. a4 Ba6 15. Bg5
Rb8 16. Bh4 h6 17. Bg3 Nh5 18. Bxe5 Rb6 19. Bd6 Nhf6 20. e5 Nd5 21. Rc1 Qc8 22.
Be4 Qa8 23. Bf5 Qb7 24. Re4 Qc8 25. e6 fxe6 26. Bxe6+ Kh7 27. Qc2 g6 28. Bf7
Rxe4 29. Qxe4 Nf8 30. Ne5 Qf5 31. Bxg6+ Qxg6 32. Nxg6 Nxg6 33. h4 Kg7 34. Be5+
Nxe5 35. Qxe5+ Kf7 36. Re1 Rb7 37. Qe8+ Kg7 38. Qxc6 Nf6 {Black resigns} 1-0

[Event "Team 45 45 League T55"]
[Site "Internet Chess Club"]
[Date "2012.12.11"]
[Round "4"]
[White "SeniorCitizen"]
[Black "chuckh2"]
[Result "1-0"]
[WhiteElo "1359"]
[BlackElo "1323"]
[Opening "Danish gambit"]
[ECO "C21"]
[Time "13:00:22"]
[TimeControl "2700+45"]

1. e4 e5 2. d4 exd4 3. c3 Qe7 4. Qxd4 f5 5. e5 Nc6 6. Qe3 Qxe5 7. Qxe5+ Nxe5 8.
Be2 Bc5 9. Bf4 d6 10. Nf3 Ng6 11. Bc1 Be6 12. O-O h6 13. Re1 O-O-O 14. b4 Bb6
15. a4 a6 16. a5 Ba7 17. b5 axb5 18. Bxb5 Bd7 19. Bf1 Nf6 20. Be3 Bxe3 21. Rxe3
Nd5 22. Re2 Bb5 23. Rb2 Bc6 24. a6 b6 25. Nbd2 Nxc3 26. Rc2 Bxf3 27. Rxc3 Ba8
28. Rb1 Kd7 29. Nb3 Rhf8 30. Nd4 c5 31. Bb5+ Ke7 32. Re1+ Kf7 33. Ne6 Rde8 34.
Bxe8+ Rxe8 35. Rce3 f4 36. Ng5+ hxg5 37. Rxe8 Bc6 38. Rc8 Bd5 39. a7 Ne5 40.
a8=Q Bxa8 41. Rxa8 b5 42. Ra7+ Kf6 43. Ra6 c4 44. Rxd6+ Kf5 45. Rb6 {Black
resigns} 1-0

[Event "Team 45 45 League T55"]
[Site "Internet Chess Club"]
[Date "2012.12.10"]
[Round "4"]
[White "AlPearson"]
[Black "lawth3"]
[Result "0-1"]
[WhiteElo "1295"]
[BlackElo "1288"]
[Opening "QGD: Neo-orthodox variation, 7.Bh4"]
[ECO "D56"]
[Time "19:00:12"]
[TimeControl "2700+45"]

1. d4 Nf6 2. c4 e6 3. Nc3 d5 4. Nf3 Be7 5. Bg5 h6 6. Bh4 O-O 7. e3 Nbd7 8. Be2
dxc4 9. Bxc4 b6 10. O-O Bb7 11. a3 Ne4 12. Nxe4 Bxh4 13. Nxh4 Bxe4 14. Nf3 Qf6
15. b4 Rad8 16. Bd3 Bxd3 17. Qxd3 Ne5 18. Nxe5 Qxe5 19. Qa6 Qd5 20. Qxa7 Rd7 21.
Rfc1 Ra8 22. Qxa8+ Qxa8 23. a4 Rd5 24. Rxc7 Rb5 25. Rac1 Qxa4 26. g3 Qxb4 27.
Rb7 Qd2 28. Rcc7 Rb2 29. Kg2 Qxf2+ 30. Kh3 Qf5+ 31. g4 Qf3+ 32. Kh4 g5+ 33. Kh5
Qh3# {White checkmated} 0-1

[Event "Team 45 45 League T55"]
[Site "Internet Chess Club"]
[Date "2012.12.10"]
[Round "4"]
[White "mindstorm"]
[Black "seattleblues"]
[Result "1-0"]
[WhiteElo "1341"]
[BlackElo "1423"]
[Opening "Scandinavian defense"]
[ECO "B01"]
[Time "21:00:10"]
[TimeControl "2700+45"]

1. e4 d5 2. exd5 Nf6 3. c4 Bf5 4. Nc3 Nbd7 5. Nf3 g6 6. d4 Bg7 7. Be2 O-O 8. O-O
Ne8 9. Be3 Nb6 10. b3 Rc8 11. Qd2 c6 12. dxc6 Rxc6 13. Rfd1 Rc8 14. Rac1 Nc7 15.
Bd3 Bxd3 16. Qxd3 Ne6 17. d5 Nc5 18. Bxc5 Rxc5 19. Ne4 Rc8 20. Nfg5 Nd7 21. Qh3
h6 22. Nf3 Qb6 23. Qxd7 {Black resigns} 1-0

[Event "Team 45 45 League T55"]
[Site "Internet Chess Club"]
[Date "2012.12.10"]
[Round "4"]
[White "irock2011"]
[Black "tcianciola"]
[Result "1-0"]
[WhiteElo "1334"]
[BlackElo "1167"]
[Opening "Sicilian: Alapin's variation (2.c3)"]
[ECO "B22"]
[Time "19:02:15"]
[TimeControl "2700+45"]

1. e4 c5 2. c3 d6 3. d4 Nc6 4. Nf3 Nf6 5. Bd3 cxd4 6. cxd4 Bg4 7. Be3 e6 8. Nc3
Be7 9. O-O O-O 10. h3 Bh5 11. Qe2 h6 12. Rac1 e5 13. d5 Nd4 14. Bxd4 exd4 15.
Nb5 Qb6 16. Rfd1 a6 17. Na3 Bxf3 18. Qxf3 Qxb2 19. Nc2 Qb6 20. Bc4 Rac8 21. Nxd4
Qb4 22. Nf5 Rxc4 23. Nxe7+ Kh7 24. Rxc4 Qxc4 25. Qf5+ Kh8 26. e5 dxe5 27. Qxe5
Nd7 28. Qb2 Re8 29. Nf5 Re5 30. Ne3 Qc8 31. Rc1 Qb8 32. Rc3 b5 33. Qc2 Nb6 34.
Rc6 g6 35. d6 Re6 36. Qd3 Nd7 37. Rc7 Qd8 38. Qd5 Nf6 39. Qd4 Rxd6 40. Qc3 b4
41. Qc5 Ne4 42. Qa7 Qf6 43. Rxf7 Qa1+ 44. Kh2 Kg8 45. Re7 Nf6 46. Qb8+ {Black
resigns} 1-0

[Event "Team 45 45 League T55"]
[Site "Internet Chess Club"]
[Date "2012.12.09"]
[Round "4"]
[White "WzeroMN"]
[Black "ethan0627"]
[Result "0-1"]
[WhiteElo "1033"]
[BlackElo "1345"]
[Opening "Ruy Lopez: Berlin defense"]
[ECO "C65"]
[Time "17:00:33"]
[TimeControl "2700+45"]

1. e4 e5 2. Nf3 Nc6 3. Bb5 Nf6 4. d3 d6 5. Bg5 a6 6. Bxc6+ bxc6 7. O-O Bg4 8.
Nbd2 h6 9. Bh4 d5 10. Bxf6 Qxf6 11. Re1 Bb4 12. Nxe5 Bxd1 {White resigns} 0-1

[Event "Team 45 45 League T55"]
[Site "Internet Chess Club"]
[Date "2012.12.08"]
[Round "4"]
[White "Goldenberg"]
[Black "sockmonkey"]
[Result "1/2-1/2"]
[WhiteElo "1569"]
[BlackElo "1483"]
[Opening "Caro-Kann: Panov-Botvinnik attack, 5...e6"]
[ECO "B14"]
[Time "14:03:59"]
[TimeControl "2700+45"]

1. e4 c6 2. d4 d5 3. exd5 cxd5 4. c4 Nf6 5. Nc3 e6 6. Nf3 Bb4 7. Be2 O-O 8. O-O
Nc6 9. cxd5 exd5 10. Bg5 Be6 11. Rc1 h6 12. Bh4 Be7 13. a3 Rc8 14. h3 Ne4 15.
Bxe7 Qxe7 16. Qd3 Bf5 17. Qd1 Nxc3 18. Rxc3 Qf6 19. Bd3 Rfe8 20. Bxf5 Qxf5 21.
Re1 Re4 22. Rc5 Rce8 23. Rxe4 Rxe4 24. Qd2 Qe6 25. Qc3 Re2 26. Kf1 Re4 27. Kg1
Re2 28. Kf1 Re4 29. b4 a6 30. b5 axb5 31. Rxb5 Qd7 32. Rb6 Qc7 33. Qc5 Qf4 34.
Rxb7 Nxd4 35. Nxd4 Rxd4 36. Qc8+ Kh7 37. Qc2+ g6 38. Re7 Qf6 39. Re3 Rf4 40. Qd2
Kg7 41. Rd3 Ra4 {Game drawn by mutual agreement} 1/2-1/2

[Event "Team 45 45 League T55"]
[Site "Internet Chess Club"]
[Date "2012.12.09"]
[Round "4"]
[White "Aquaman"]
[Black "Littlemon"]
[Result "1-0"]
[WhiteElo "1332"]
[BlackElo "1273"]
[Opening "Réti: King's Indian attack (Barcza system)"]
[ECO "A07"]
[Time "15:00:25"]
[TimeControl "2700+45"]

1. Nf3 d5 2. g3 Nf6 3. Bg2 Bf5 4. d3 e6 5. O-O Bd6 6. Nbd2 Nbd7 7. Re1 Bg6 8. e4
dxe4 9. dxe4 e5 10. Nc4 Qe7 11. Bg5 O-O 12. Nh4 Qe6 13. Nxd6 Qxd6 14. Nxg6 fxg6
15. Qe2 c6 16. Rad1 Qe6 17. a3 h6 18. Bd2 Qg4 19. Qxg4 Nxg4 20. f3 Ngf6 21. b4
Rad8 22. Be3 a6 23. Rd6 Nb8 24. Red1 Rxd6 25. Rxd6 Re8 26. Bxh6 Nxe4 27. fxe4
gxh6 28. Rxg6+ Kh7 29. Rd6 Re7 30. Bh3 Re8 31. Bf5+ Kg8 32. c4 Nd7 33. Rxd7 Kf8
34. Kf2 c5 35. bxc5 Rc8 36. Rd5 Re8 37. Ke3 Kg8 38. Rd7 Rc8 39. Rg7+ Kxg7 40.
Bxc8 {Black resigns} 1-0